AoeStats
← Basado Basadez

African Clearing

510388228Analyzed
3v3 RM · 1d ago on Sep 30, 2026· 43m 43s· 6 players
Game mode
Random Map
Map size
Normal (6 player)
Population
200
Speed
Normal
Resources
Standard
Victory
Conquest
Starting age
Dark Age
Ending age
Imperial Age
RankedLock teamsTeams togetherTeam positionsShared explorationLock speedFull tech treeHidden civsTurbo modeCheats
Victory
Defeat
🇬🇧 Cumans · United Kingdom
1106
+15
🇪🇸 Gurjaras · Spain
1105
+15
🇪🇸 Poles · Spain
1105
+15
🇺🇸 Saracens · United States
1117
-16
🇪🇸 Mapuche · Spain
1091
-15
🇵🇪 Spanish · Peru
1064
-14
CarolusGulielmus
12:44 Feudal Age
14:57 Double-Bit Axe
21:10 Castle Age
19:24 Stone Mining
21:43 Gold Mining
23:33 Bow Saw
29:34 Redemption
31:30 Wheelbarrow
32:30 Bloodlines
32:48 Pikeman
36:34 Imperial Age
35:20 Hand Cart
37:40 Fletching
38:30 Scale Barding Armor
38:22 Halberdier
40:23 Chain Barding Armor
40:04 Cavalier
41:32 Stone Shaft Mining
42:39 Husbandry
Condorito Superstar
9:16 Loom
13:29 Feudal Age
14:36 Double-Bit Axe
14:54 Horse Collar
18:06 Fletching
22:15 Castle Age
21:03 Padded Archer Armor
22:13 Gold Mining
22:14 Stone Mining
23:59 Crossbowman
27:54 Leather Archer Armor
29:40 Bow Saw
29:48 Bodkin Arrow
30:38 Heavy Plow
32:16 Wheelbarrow
33:41 Scale Barding Armor
36:41 Imperial Age
34:23 Husbandry
37:03 Chain Barding Armor
37:07 Forging
37:25 Bracer
38:53 Plate Barding Armor
38:19 Heavy Camel Rider
39:24 Bloodlines
39:38 Thumb Ring
Bal
3:30 Loom
14:39 Feudal Age
15:17 Double-Bit Axe
16:01 Horse Collar
23:11 Castle Age
22:01 Gold Mining
23:15 Fletching
28:28 Stone Mining
28:56 Bow Saw
30:45 Padded Archer Armor
33:11 Wheelbarrow
33:14 Scale Mail Armor
34:02 Pikeman
35:11 Ballistics
37:20 Leather Archer Armor
40:34 Forging
Goroez
4:27 Loom
13:53 Feudal Age
14:43 Horse Collar
14:50 Double-Bit Axe
19:22 Gold Mining
22:34 Castle Age
22:14 Town Watch
23:35 Husbandry
22:58 Light Cavalry
24:00 Scale Barding Armor
24:05 Forging
30:43 Heavy Plow
40:00 Imperial Age
38:05 Bloodlines
40:04 Wheelbarrow
Basado Basadez
15:05 Feudal Age
17:16 Horse Collar
17:25 Double-Bit Axe
23:42 Castle Age
21:33 Loom
21:53 Town Watch
23:03 Wheelbarrow
23:37 Scale Barding Armor
23:43 Forging
25:49 Bloodlines
27:10 Hand Cart
29:00 Chain Barding Armor
29:06 Town Patrol
30:15 Iron Casting
37:41 Imperial Age
37:44 Steppe Husbandry
37:49 Elite Steppe Lancer
40:10 Plate Barding Armor
40:36 Blast Furnace
42:15 Fletching
43:02 Conscription
The Bear Jew
3:32 Loom
14:39 Feudal Age
15:26 Double-Bit Axe
16:35 Horse Collar
21:16 Castle Age
21:44 Town Watch
22:14 Husbandry
22:57 Bow Saw
26:07 Wheelbarrow
26:25 Scale Barding Armor
28:19 Hand Cart
28:20 Heavy Plow
29:04 Stone Mining
29:05 Gold Mining
32:18 Gold Shaft Mining
35:25 Imperial Age
34:42 Scale Mail Armor
34:53 Forging
36:43 Conscription
36:57 Chain Mail Armor
37:07 Elite Chakram Thrower
40:15 Plate Mail Armor
40:21 Iron Casting
40:27 Kshatriyas
41:27 Siege Elephant
44:06 Fletching
Connection lost

Rejoining the realm…

Still unreachable

The connection could not be restored.

Session expired

The server has moved on; the page needs a fresh start.